Workbook
Name \0: #REF!
Name \00: #REF!
Name \a: #REF!
Name \AA: [1]LIQUIDACION!#REF!
Name \AA: #REF!
Name \b: [2]STRSUMM0!#REF!
Name \b: #REF!
Name \bb: [2]STRSUMM0!#REF!
Name \bb: #REF!
Name \E: #REF!
Name \E: #REF!
Name \EE: #REF!
Name \EE: #REF!
Name \eliminar: [3]RESUM96!#REF!
Name \eliminar: #REF!
Name \eliminar1: [3]RESUM96!#REF!
Name \eliminar1: #REF!
Name \G: #REF!
Name \G: #REF!
Name \k: '[4]7422CW00'!#REF!
Name \k: #REF!
Name \l: [5]STRSUMM0!#REF!
Name \l: #REF!
Name \M: #REF!
Name \M: #REF!
Name \ñ: '[6]7422CW00'!#REF!
Name \ñ: #REF!
Name \P: #REF!
Name \P: #REF!
Name \q: #REF!
Name \q: #REF!
Name \R: #REF!
Name \s: #REF!
Name \V: #REF!
Name \X: 'VER. FINANCIERA'!ERR
Name \X: EXPERIENCIA!ERR
Name \X: 'R. DE EVALUACION - HABILITANTES'!ERR
Name \X: 'VER. FINANCIERA'!ERR
Name \X: 'VER. FINANCIERA'!ERR
Name \X: [0]!ERR
Name \Z: 'VER. FINANCIERA'!ERR
Name \Z: EXPERIENCIA!ERR
Name \Z: 'R. DE EVALUACION - HABILITANTES'!ERR
Name \Z: 'VER. FINANCIERA'!ERR
Name \Z: 'VER. FINANCIERA'!ERR
Name \Z: [0]!ERR
Name _______________EST1: #REF!
Name _______________EST1: #REF!
Name _______________EST10: #REF!
Name _______________EST11: #REF!
Name _______________EST12: #REF!
Name _______________EST13: #REF!
Name _______________EST14: #REF!
Name _______________EST15: #REF!
Name _______________EST16: #REF!
Name _______________EST17: #REF!
Name _______________EST18: #REF!
Name _______________EST19: #REF!
Name _______________EST2: #REF!
Name _______________EST3: #REF!

Sheet INF. BÁSICA
A3: PROCESO No. | B3: S.A.M.C-003-2026,
A4: OBJETO: | B4: “SUMINISTRO DE MATERIAL DE FERRETERÍA Y HERRAMIENTA MENOR POR MONTO AGOTABLE CON DESTINO A LAS ACTIVIDADES DE MANTENIMIENTO DE LOS BIENES FISCALES, BIENES DE USO PÚBLICO E INFRAESTRUCTURA VIAL A CARGO DEL MUNICIPIO DE CHINCHINA - CALDAS”.
A5: PRESUPUESTO OFICIAL | B5: 300000000
A6: FECHA DE CIERRE | B6: 46150
A8: INFORME BÁSICO
A10: PROPONENTES | C10: VALOR DE LA OFERTA
A11: PROPONENTE 1: | B11: MARLON STEVEEN RINCON OSORIO | C11: 300000000

Sheet VER. JURIDICA
B3: ='INF. BÁSICA'!A3 -> PROCESO No. | C3: ='INF. BÁSICA'!B3 -> S.A.M.C-003-2026,
B4: ='INF. BÁSICA'!A4 -> OBJETO: | C4: SUMINISTRO DE MATERIAL DE FERRETERÍA Y HERRAMIENTA MENOR POR MONTO AGOTABLE CON DESTINO A LAS ACTIVIDADES DE MANTENIMIENTO DE LOS BIENES FISCALES, BIENES DE USO PÚBLICO E INFRAESTRUCTURA VIAL A CARGO DEL MUNICIPIO DE CHINCHINA - CALDAS
B5: ='INF. BÁSICA'!A5 -> PRESUPUESTO OFICIAL | C5: 300000000
B6: ='INF. BÁSICA'!A6 -> FECHA DE CIERRE | C6: 46150
B7: VERIFICACIÓN JURÍDICA
B8: DOCUMENTOS | C8: PROPONENTE 1:
C9: MARLON STEVEEN RINCON OSORIO
C11: CUMPLE
C12: SI | D12: NO
B13: MIPYME TERRITORIAL (CALDAS) | C13: X
B14: CARTA DE PRESENTACIÓN DE LA OFERTA | C14: X
B15: FOTOCOPIA DE LA CÉDULA DE CIUDADANÍA (DE LA PERSONA NATURAL Y/O DEL REPRESENTANTE LEGAL DE LA PERSONA JURIDICA - DEL REPRESENTANTE LEGAL PRINCIPAL Y SUPLENTE DE LA ESTRUCTURA PLURAL (SEGUN APLIQUE) | C15: X
B16: REGRISTRO MERCANTIL Y/O CERTIFICADO DE EXISTENCIA Y REPRESENTACION LEGAL CON FECHA DE EXPEDICIÓN NO MAYOR A TREINTA (30) DÍAS CALENDARIO ANTERIOR A LA FECHA DE CIERRE DEL PROCESO DE CONTRATACIÓN, CON EL CUAL SE ACREDITE: a. Que el objeto de la sociedad permita ejecutar las actividades descritas en el objeto del presente proceso de contratación. b. Que la duración no sea inferior a la del plazo del contrato y un año más. c. Facultades y restricciones del representante legal de la sociedad para contraer obligaciones en nombre de la misma. d. El nombramiento del revisor fiscal en caso de que exista. | C16: X
B17: REGISTRO UNICO DE PROPONENTES – RUP CON FECHA DE EXPEDICIÓN NO MAYOR A TREINTA (30) DÍAS CALENDARIO ANTERIORES A LA FECHA DE CIERRE DEL PROCESO DE CONTRATACIÓN. | C17: X
B18: DOCUMENTO DE CONFORMACION DE CONSORCIOS O UNIONES TEMPORALES | C18: N/A
B19: CERTIFICACION DE PAGOS DE SEGURIDAD SOCIAL Y APORTES PARAFISCALES. | C19: X
B20: GARANTIA DE SERIEDAD DE LA OFERTA | C20: X
B21: CERTIFICADO DEL SISTEMA DE INFORMACIÓN Y REGISTRO DE SANCIONES Y CAUSAS DE INHABILIDAD VIGENTE EXPEDIDO POR LA PROCURADURÍA GENERAL DE LA NACIÓN (DEL PROPONENTE PERSONA NATURAL Y/O PERSONA JURÍDICA Y DE SU REPRESENTANTE LEGAL). | C21: X
B22: CERTIFICADO DE ANTECEDENTES FISCALES DE LA CONTRALORÍA GENERAL DE LA REPÚLICA ACTUALIZADO (DEL PROPONENTE PERSONA NATURAL Y/O PERSONA JURÍDICA Y DE SU REPRESENTANTE LEGAL). | C22: X
B23: CERTIFICADO DE ANTECEDENTES JUDICIALES DE LA POLICIA NACIONAL, ACTUALIZADO (DEL PROPONENTE PERSONA NATURAL Y/O DEL REPRESENTANTE LEGAL DE LA PERSONA JURIDICA). | C23: X
B24: CERTIFICADO DE MEDIDAS CORRECTIVAS, ACTUALIZADO (DEL PROPONENTE PERSONA NATURAL Y/O DEL REPRESENTANTE LEGAL DE LA PERSONA JURIDICA). | C24: X
... B27: VERIFICACION | C27: HABILITADO
B28: OBSERVACIONES:

Sheet EXPERIENCIA
A1: =+[159]Proponentes!A1 -> ALCALDIA DE CHINCHINA
A2: =+[159]Proponentes!A2 -> OFICINA DE PLANEACION E INFRAESTRUCTURA
A3: =+[159]Proponentes!A5 -> Objeto: “SUMINISTRO DE MATERIAL DE FERRETERÍA Y HERRAMIENTA MENOR POR MONTO AGOTABLE CON DESTINO A LAS ACTIVIDADES DE MANTENIMIENTO DE LOS BIENES FISCALES, BIENES DE USO PÚBLICO E INFRAESTRUCTURA VIAL A CARGO DEL ENTE TERRITORIAL Y PARA LAS ACTIVIDADES DE MANTENIMIENTO DE LA ESTACION DE POLICIA DEL MUNICIPIO DE CHINCHINÁ – CALDAS”.
C4: 1750905 | F4: 300000000 | G4: =F4/C4 -> 171.33996
A5: REQUISITOS HABILITANTES EXPERIENCIA GENERAL EXPECIFICA, OFERTA ECONÓMICA
A6: Proponente | B6: Nombre del proponente | C6: PO 94.13 smmlv
C7: Experiencia
C8: Experiencia general | D8: Experiencia específica | E8: VALOR CONTRATO 171.34 SMMLV | F8: OBSERVACION | G8: Resultado (cumple /no cumple) | H8: Máximo contratos relacionados | I8: Sumatoria de valores contratos relacionados con referencia al PO SMMLV | J8: FORMATO EXPERIENCIA | K8: Experiencia especifical con un contrato que contenga El valor ejecutado del ítem de remoción de derrumbes de uno de los contratos debe corresponder como mínimo del 50 % del presupuesto oficial | L8: VALOR CONTRATO igual o mayor de 14 SMMLV (50%) | M8: =+C8 -> Experiencia general | N8: =+D8 -> Experiencia específica | O8: RESULTADO
C9: La experiencia es adecuada cuando se refiere al tipo de actividades previstas en el objeto del contrato a celebrar y es proporcional cuando tiene relación con el alcance, la cuantía y complejidad del contrato a celebrar CODIGO CLASIFICADOR DE BIENES Y SERVICIOS 31162800 | M9: Resultado (cumple /no cumple) | N9: Resultado (cumple /no cumple)
A10: =[159]Proponentes!A12 -> 1 | B10: =[159]Proponentes!B12 -> MARLON STEVEEN RINCON OSORIO | C10: Contrato 006-2023 CONTRATO RUP 001, CONSTRUCTORA NUEVA ERA CALDAS SAS - CNEC SAS participacion 100%, MARLON STEVEEN RINCON OSORIO | D10: =C10 -> Contrato 006-2023 CONTRATO RUP 001, CONSTRUCTORA NUEVA ERA CALDAS SAS - CNEC SAS participacion 100%, MARLON STEVEEN RINCON OSORIO | E10: =(668.53/150%) -> 445.68667 | F10: verificado en la experiencia aportada | G10: CUMPLE | H10: =C10 -> Contrato 006-2023 CONTRATO RUP 001, CONSTRUCTORA NUEVA ERA CALDAS SAS - CNEC SAS participacion 100%, MARLON STEVEEN RINCON OSORIO | I10: =E10 -> 445.68667 | J10: PRESENTA | K10: Contrato 1072-2017, participacion 50% JAIME EDUARDO GUTIÉRREZ OCAMPO | L10: =(48069000/C4)*0.5 -> 13.726901 | M10: CUMPLE | N10: CUMPLE | O10: CUMPLE
A13: JORGE JOAM CASTAÑEDA DUQUE
B14: ORIGINAL FIRMADO

Sheet VER. FINANCIERA
A2: PROCESO No. | D2: =+[157]EVALUACIONES!C1 -> S.A.M.C 003-2026
A3: OBJETO: | D3: =+[157]EVALUACIONES!C2 -> SUMINISTRO DE MATERIAL DE FERRETERÍA Y HERRAMIENTA MENOR POR MONTO AGOTABLE CON DESTINO A LAS ACTIVIDADES DE MANTENIMIENTO DE LOS BIENES FISCALES, BIENES DE USO PÚBLICO E INFRAESTRUCTURA VIAL A CARGO DEL MUNICIPIO DE CHINCHINA - CALDAS
A4: PRESUPUESTO OFICIAL | D4: =+[157]EVALUACIONES!C3 -> 300000000 | F4: =+D4/1423500 -> 210.74816 | I4: SMMLV
A5: FECHA DE CIERRE | D5: =+[157]EVALUACIONES!C4 -> 46150
A6: CAPACIDAD FINANCIERA
A8: PROPONENTE | C8: TAMAÑO | D8: PARTICIPACIÓN % | E8: AÑO DE EVALUACIÓN (MEJOR ESTADO DE RESULTADOS) | F8: ACTIVO CORRIENTE | G8: PASIVO CORRIENTE | H8: ACTIVO TOTAL | I8: PASIVO TOTAL | J8: UTILIDAD OPERACIONAL | K8: GASTOS DE INTERESES
A9: PROPONENTE 1 | B9: =+[157]EVALUACIONES!B7 -> MARLON RINCON | D9: 1 | E9: 2025 | F9: 548437679 | G9: 59272040 | H9: 773437679 | I9: 370907407 | J9: 21758994 | K9: 3148618
A12: VERIFICACIÓN CAPITAL DE TRABAJO
A13: PROPONENTE | B13: CONSORCIO | C13: PARTICIPACIÓN | D13: CAPITAL DE TRABAJO | E13: RANGO DE EVALUACION | G13: EVALUACIÓN
A14: =+A9 -> PROPONENTE 1 | B14: =+B1 -> 0 | D14: =+F9-G9 -> 489165639 | E14: ≥ 10.000.000.000 | G14: =IF(D14>=10000000000,"CUMPLE","NO CUMPLE") -> NO CUMPLE
A15: =+#REF! -> #REF! | B15: =+B2 -> 0 | D15: =+#REF!-#REF! -> #REF! | E15: ≥ 10.000.000.000 | G15: =IF(D15>=10000000000,"CUMPLE","NO CUMPLE") -> #REF!
A18: EXCESO O DEFECTO DE PATRIMONIO
A19: PROPONENTE | B19: CONSORCIO | C19: PATRIMONIO TECNICO | D19: PATRIMONIO ADECUADO | E19: RANGO DE EVALUACION | G19: EVALUACIÓN
A20: =+A14 -> PROPONENTE 1 | B20: =+B9 -> MARLON RINCON | C20: 527972830014 | D20: 434106654533 | E20: ≥ 0 | G20: =IF(C20-D20>=0,"CUMPLE","NO CUMPLE") -> CUMPLE
A23: VERIFICACIÓN DEL ÍNDICE DE LIQUIDEZ
A24: PROPONENTE | B24: CONSORCIO | C24: PARTICIPACIÓN | D24: INDICE DE LIQUIDEZ FINAL | E24: RANGO DE EVALUACION | G24: EVALUACIÓN | I24: Mypime | J24: Otros
A25: =+A9 -> PROPONENTE 1 | B25: =+B9 -> MARLON RINCON | C25: =+D9 -> 1 | D25: =F9/G9 -> 9.2528902 | E25: =+J25 -> ≥1,3 | G25: =IF(D25>=1.3%,"CUMPLE","NO CUMPLE") -> CUMPLE | I25: ≥1,2 | J25: ≥1,3
A29: VERIFICACIÓN DEL NIVEL DE ENDEUDAMIENTO
A30: PROPONENTE | B30: CONSORCIO | C30: PARTICIAPCIÓN | D30: NIVEL DE ENDEUDAMIENTO CALCULADO FINAL | E30: RANGO DE EVALUACION | G30: EVALUACIÓN | I30: Mypime | J30: Otros
A31: =+A25 -> PROPONENTE 1 | B31: =+B25 -> MARLON RINCON | C31: =+C25 -> 1 | D31: =I9/H9 -> 0.47955694 | E31: =+J31 -> ≤ 0,70 | G31: =IF(D31<=0.7,"CUMPLE","NO CUMPLE") -> CUMPLE | I31: ≤ 0,70 | J31: ≤ 0,70
A35: VERIFICACIÓN DE LA RAZÓN DE COBERTURA DE INTERESES
A36: PROPONENTE | B36: CONSORCIO | C36: PARTICIPACIÓN | D36: NIVEL DE COBERTURA DE INTERESES FINAL | E36: RANGO DE EVALUACION | G36: EVALUACIÓN | I36: Mypime | J36: Otros
A37: =+A31 -> PROPONENTE 1 | B37: =+B31 -> MARLON RINCON | C37: =+C31 -> 1 | D37: =J9/K9 -> 6.9106491 | E37: =+J37 -> ≥ 1 | G37: =IF(D37>=1%,"CUMPLE","NO CUMPLE") -> CUMPLE | I37: ≥ 1 | J37: ≥ 1
A41: Obsevaciones:
A42: 1
A43: 2
A44: 3
A45: 4

Sheet CAP.ORGANIZACIÓN
A2: PROCESO No. | D2: =+[157]EVALUACIONES!C1 -> S.A.M.C 003-2026
A3: OBJETO: | D3: =+[157]EVALUACIONES!C2 -> SUMINISTRO DE MATERIAL DE FERRETERÍA Y HERRAMIENTA MENOR POR MONTO AGOTABLE CON DESTINO A LAS ACTIVIDADES DE MANTENIMIENTO DE LOS BIENES FISCALES, BIENES DE USO PÚBLICO E INFRAESTRUCTURA VIAL A CARGO DEL MUNICIPIO DE CHINCHINA - CALDAS
A4: PRESUPUESTO OFICIAL | D4: =+[157]EVALUACIONES!C3 -> 300000000 | F4: =+'VER. FINANCIERA'!F4 -> 210.74816 | H4: SMMLV
A5: FECHA DE CIERRE | D5: =+[157]EVALUACIONES!C4 -> 46150
A6: VERIFICACION DE CAPACIDAD ORGANIZACIONAL
A7: PROPONENTE | C7: PARTICIPACIÓN % | D7: AÑO DE EVALUACIÓN (MEJOR ESTADO DE RESULTADOS) | E7: UTILIDAD OPERACIONAL | F7: PATRIMONIO | G7: ACTIVO TOTAL
A8: =+'VER. FINANCIERA'!A25 -> PROPONENTE 1 | B8: =+'VER. FINANCIERA'!B9 -> MARLON RINCON | C8: 1 | D8: 2025 | E8: =+'VER. FINANCIERA'!J9 -> 21758994 | F8: =+'VER. FINANCIERA'!H9-'VER. FINANCIERA'!I9 -> 402530272 | G8: =+'VER. FINANCIERA'!H9 -> 773437679
A12: VERIFICACIÓN DE RENTABILIDAD DEL PATRIMONIO
A13: PROPONENTE | B13: CONSORCIO | C13: PARTICIAPCIÓN | D13: RENTABILIDAD DE PATRIMONIO | E13: RANGO DE EVALUACION | F13: CALIFICACIÓN | H13: Mypime | I13: Otros
A14: =+A8 -> PROPONENTE 1 | B14: =+B8 -> MARLON RINCON | C14: =+C8 -> 1 | D14: =E8/F8 -> 0.054055547 | E14: =+I14 -> ≥0,04 | F14: =IF(D14>=0.04,"CUMPLE","NO CUMPLE") -> CUMPLE | H14: ≥0,02 | I14: ≥0,04
A18: VERIFICACIÓN DE RENTABILIDAD DEL ACTIVO
A19: PROPONENTE | B19: CONSORCIO | C19: PARTICIAPCIÓN | D19: RENTABILIDAD DE ACTIVO | E19: RANGO DE EVALUACION | F19: CALIFICACIÓN | H19: Mypime | I19: Otros
A20: =+A14 -> PROPONENTE 1 | B20: =+B14 -> MARLON RINCON | C20: =+C8 -> 1 | D20: =E8/G8 -> 0.028132834 | E20: =+I20 -> ≥0,02 | F20: =IF(D20>=0.02,"CUMPLE","NO CUMPLE") -> CUMPLE | H20: ≥0,01 | I20: ≥0,02
A24: OBSERVACIONES:
A25: 1
A26: 2
A27: 3
A28: 4

Sheet VLRMINIMO
B1: PROCESO No. | C1: =+[157]EVALUACIONES!C1 -> S.A.M.C 003-2026
B2: OBJETO GENERAL: | C2: =+[157]EVALUACIONES!C2 -> SUMINISTRO DE MATERIAL DE FERRETERÍA Y HERRAMIENTA MENOR POR MONTO AGOTABLE CON DESTINO A LAS ACTIVIDADES DE MANTENIMIENTO DE LOS BIENES FISCALES, BIENES DE USO PÚBLICO E INFRAESTRUCTURA VIAL A CARGO DEL MUNICIPIO DE CHINCHINA - CALDAS
B3: PRESUPUESTO OFICIAL | C3: =+[157]EVALUACIONES!C3 -> 300000000
B4: FECHA APERTURA SOBRE ECONOMICO | C4: =+[157]EVALUACIONES!C4 -> 46150
B5: VALOR MÍNIMO ACEPTABLE
B7: NOMBRE | C7: VALOR | D7: CRITERIO
A8: 1 | B8: =+[157]Hoja1!G1 -> MARLON RINCON | C8: =+[157]Hoja1!G73 -> 6717337.3 | D8: =IF(C8>=C13,"CUMPLE","NO CUMPLE") -> CUMPLE
B13: VALOR MÍNIMO ACEPTABLE | C13: =+C14*0.8 -> 6322199.8
B14: PRESUPUESTO OFICIAL | C14: =+[157]Hoja1!E73 -> 7902749.7
B17: ANA MARÍA GÓMEZ URIBE
B18: SECRETARIA ADMINISTRATIVA Y FINANCIERA
B19: MIEMBRO DEL COMITÉ EVALUADOR
B21: =+[157]EVALUACIONES!B18 -> Proyectó: Cristian Leyton Mejía, Contratista

Sheet R. DE EVALUACION - HABILITANTES
A1: =+'[158]INF. BÁSICA'!A1:D1
A3: =+'[158]INF. BÁSICA'!A3:D3 -> PROCESO No. | B3: ='INF. BÁSICA'!B3 -> S.A.M.C-003-2026,
A4: =+'[158]INF. BÁSICA'!A4:D4 -> OBJETO: | B4: ='INF. BÁSICA'!B4:C4 -> “SUMINISTRO DE MATERIAL DE FERRETERÍA Y HERRAMIENTA MENOR POR MONTO AGOTABLE CON DESTINO A LAS ACTIVIDADES DE MANTENIMIENTO DE LOS BIENES FISCALES, BIENES DE USO PÚBLICO E INFRAESTRUCTURA VIAL A CARGO DEL MUNICIPIO DE CHINCHINA - CALDAS”.
A5: =+'[158]INF. BÁSICA'!A5:D5 -> PRESUPUESTO OFICIAL | B5: 300000000
A6: =+'[158]INF. BÁSICA'!A6:D6 -> FECHA DE CIERRE | B6: 46150
A8: RESUMEN DE EVALUACION
A10: =+'[158]INF. BÁSICA'!A10:D10 -> PROPONENTES | C10: VERIFICACION JURIDICA | E10: VERIFICACION DE EXPERIENCIA HABILITANTE | G10: VERIFICACION FINANCIERA | I10: VERIFICACION ORGANIZACIONAL | K10: HBILITADO / NO HABILITADO
C11: CUMPLE | D11: NO CUMPLE | E11: CUMPLE | F11: NO CUMPLE | G11: CUMPLE | H11: NO CUMPLE | I11: CUMPLE | J11: NO CUMPLE
A12: =+'[158]INF. BÁSICA'!A11:D11 -> PROPONENTE 1: | B12: ='INF. BÁSICA'!B11 -> MARLON STEVEEN RINCON OSORIO | C12: X | E12: X | G12: X | I12: X | K12: HABILITADO
